 Dungeon Crawl Stone Soup version 0.26-a0-651-gb41185065b (webtiles) character file.

Game seed: 15595112150215428596

86 Lanoc the Sneak (level 4, 0/33 HPs)
             Began as a Halfling Delver on Oct 29, 2020.
             Was a Follower of Zin.
             Succumbed to a water moccasin's poison
             ... on level 3 of the Dungeon.
             The game lasted 00:02:20 (1291 turns).

Lanoc the Sneak (Halfling Delver)                   Turns: 1291, Time: 00:02:21

Health: 0/33       AC:  3    Str: 12 (13) XL:     4   Next: 77%
Magic:  5/5        EV: 15    Int:  7 (8)  God:    Zin [*.....]
Gold:   72         SH:  0    Dex: 13 (16) Spells: 3/3 levels left

rFire    + . .     SeeInvis .   a - +0 short sword
rCold    . . .     Faith    +   (shield restricted)
rNeg     . . .     Spirit   .   b - +0 leather armour
rPois    .         Reflect  .   (no helmet)
rElec    .         Harm     .   (no cloak)
rCorr    .         Rampage  .   (no gloves)
MR       .....                  (no boots)
Stlth    +++.......             n - amulet of faith
HPRegen  0.11/turn              i - ring of protection from fire
MPRegen  0.09/turn              (no ring)

@: lethally poisoned (0 -> -19), stab, hasted, very quick
A: small, mutation resistance 1
a: Recite, Donate Gold, Renounce Religion


You were on level 3 of the Dungeon.
You worshipped Zin.
Zin was aware of your devotion.
You visited 1 branch of the dungeon, and saw 3 of its levels.

You collected 80 gold pieces.
You donated 8 gold pieces to Zin.

Inventory:

Hand Weapons
 a - a +0 short sword (weapon)
Missiles
 m - 50 stones
 t - 10 poisoned darts (quivered)
Armour
 b - a +0 leather armour (worn)
Jewellery
 i - a ring of protection from fire (left hand)
 n - an amulet of faith (around neck)
Wands
 g - a wand of digging (3)
 j - a wand of flame (14)
 l - a wand of random effects (17)
Scrolls
 c - a scroll of fog
 d - a scroll of magic mapping
 e - a scroll of fear
 h - 2 scrolls of enchant armour {unknown}
 k - a scroll of teleportation {unknown}
 o - a scroll of identify {unknown}
 r - a scroll of amnesia {unknown}
 s - a scroll of blinking {unknown}


   Skills:
 + Level 3.6 Fighting
 - Level 2.4 Short Blades
 + Level 3.6 Dodging
 - Level 5.4 Stealth
 * Level 1.3 Invocations


You had 3 spell levels left.
You didn't know any spells.
Your spell library contained the following spells:

 Spells                   Type           Power        Failure   Level
 Animate Skeleton         Necr           #.....       52%         1
 Pain                     Necr           #...         52%         1
 Vampiric Draining        Necr           #.........   87%         3
 Animate Dead             Necr           #.........   99%         4
 Agony                    Necr           #.......     100%        5


Dungeon Overview and Level Annotations

Branches:
Dungeon (5/15)
 Temple: D:4-7

Altars:
Fedhas
Zin

Annotations:
D:3 1 runed translucent door, Lanoc's ghost, weakling MiWn


Innate Abilities, Weirdness & Mutations

You are small and have problems with some larger weapons.
You are somewhat resistant to further mutation.


Message History

You feel sick.
The water moccasin bites you but does no damage.
The water moccasin bites you.
You are lethally poisoned!
The water moccasin poisons you!
You feel yourself speed up.
You feel very sick. The water moccasin bites you.
* * * LOW HITPOINT WARNING * * *
* * * LOW HITPOINT WARNING * * *
You feel sick.
* * * LOW HITPOINT WARNING * * *
You feel sick.
* * * LOW HITPOINT WARNING * * *
You feel sick.
* * * LOW HITPOINT WARNING * * *
You feel sick.
* * * LOW HITPOINT WARNING * * *
You feel sick.
You die...

###############.#
#.@.S....(.....(.
#.#############.#
#.# #. #.# #...
#.# #.... #.#
#.... #.#### ....
#....# ##.##
####.#
###...######


You could see a water moccasin (poisoned).

Vanquished Creatures
  A worker ant (D:4)
  A hound skeleton (D:3)
  A worker ant zombie (D:5)
  An adder (D:3)
  An ooze (D:3)
  An adder skeleton (D:4)
  A worm (D:3)
  A dart slug (D:3)
  3 orcs (D:3)
  A giant cockroach (D:3)
  3 hobgoblins (D:3)
  2 bats (D:3)
  A frilled lizard (D:4)
  A rat (D:3)
19 creatures vanquished.

Vanquished Creatures (others)
  2 plants (D:3)
2 creatures vanquished.

Grand Total: 21 creatures vanquished

Notes
Turn   | Place    | Note
-------+----------+-------------------------------------------
     0 | D:5      | Lanoc the Halfling Delver began the quest for the Orb.
     0 | D:5      | Reached XP level 1. HP: 15/15 MP: 1/1
    48 | D:5      | Reached XP level 2. HP: 10/21 MP: 2/2
   239 | D:4      | Reached XP level 3. HP: 10/26 MP: 3/3
   496 | D:4      | Noticed an ogre
   757 | D:3      | Noticed an angel
   758 | D:3      | Found a glowing silver altar of Zin.
   763 | D:3      | Became a worshipper of Zin the Law-Giver
   804 | D:3      | Reached XP level 4. HP: 20/31 MP: 4/4
  1078 | D:3      | Reached skill level 1 in Invocations
  1089 | D:3      | Found a blossoming altar of Fedhas.
  1135 | D:3      | Reached * piety under Zin
  1151 | D:3      | Found a runed translucent door.
  1153 | D:3      | Noticed Lanoc's ghost (weakling MiWn)
  1269 | D:3      | Noticed a water moccasin
  1291 | D:3      | Succumbed to a water moccasin's poison

Illustrated notes

Levels and vault maps discovered:
D:3:      layout_loops_ring, zin_angel, ebering_ghost_sewer_f,
          fedhas_ov_isle_minmay
D:4:      layout_loops_ring, minmay_temple_entry_mist
D:5:      layout_basic, st_stairs_7, kennysheep_generic_room_11

Skill      XL: |  1  2  3  4 |
---------------+-------------+-----
Fighting       | 3 |  3.6
Dodging        | 3 |  3.6
Invocations    | 1 |  1.3
Short Blades   | |  2.4
Stealth        | |  5.4

Action                   |  1- 3 |  4- 6 || total
-------------------------+-------+-------++-------
Melee: Short sword       |    62 |    33 ||    95
Throw: Dart              |       |     9 ||     9
  Use: Potion            |       |     3 ||     3
 Stab: Sleeping          |     4 |     5 ||     9
Armor: Leather armour    |     2 |     5 ||     7
Dodge: Dodged            |    37 |    31 ||    68

Table legend: (Time is in decaauts)
 A = Elapsed time spent in this place.
 B = Non-inter-level travel time spent in this place.
 C = Inter-level travel time spent in this place.
 D = Time resting spent in this place.
 E = Time spent auto-exploring this place.
 F = Levels seen in this place.
 G = Mean time per level.
                   A        B        C        D        E       F      G
               +--------+--------+--------+--------+--------+-----+--------+
         Total |   1286 |   1280 |      6 |      0 |   1009 |   3 |  428.7 |
       Dungeon |   1286 |   1280 |      6 |      0 |   1009 |   3 |  428.7 |
               +--------+--------+--------+--------+--------+-----+--------+

Top non-repeatable levels by time:
     D:3: 706 daAuts
     D:4: 349 daAuts
     D:5: 230 daAuts
